[ AOE2 MATCH · #508148676 ]
UnrankedChinese vs Sicilians
Player's team · LOSS
[ REPLAY ANALYSIS · EXTRACTED FROM THE RECORDED GAME ]
Feudal
8:48
Castle
22:57
Imperial
—
| APM avg | 37.8 |
| APM peak | 67 |
| eAPM avg | 18.5 |
| Villagers / military | 79 / 24 |
Focus
⚔️ 27.7% · 🌾 72.3%
Archer ×18 · Militia ×3 · Iron Pagoda ×2 · Monk ×1
Feudal
8:57
Castle
27:16
Imperial
—
| APM avg | 62.8 |
| APM peak | 108 |
| eAPM avg | 26.2 |
| Villagers / military | 64 / 32 |
Focus
⚔️ 23.9% · 🌾 76.1%
Serjeant ×16 · Skirmisher ×8 · Archer ×5 · Battering Ram ×3
Match map
Initial resources + every placement click. Lines = walls · curves = elevation contours. ◆ gold · ⬟ stone · ● berries · ✦ relic · ◌ wall gap
Your base· Open — 5t gap
Leo Javier's base· Open — 4t gap
Smoothed initial terrain · ◌ = detected wall gap · hover for details
Inputs per minute
— Charlie Mx - - Leo Javier
Build order — Charlie Mx
First 150 of 193 actions detected
| 0:00 | Research | Loom |
| 0:42 | Queue | Villager (Male) |
| 1:08 | Queue | Villager (Male) |
| 1:31 | Queue | Villager (Male) |
| 1:57 | Queue | Villager (Male) |
| 2:06 | Build | House |
| 2:16 | Queue | Villager (Male) |
| 2:16 | Queue | Villager (Male) |
| 2:34 | Build | Lumber Camp |
| 2:48 | Queue | Villager (Male) |
| 3:02 | Queue | Villager (Male) |
| 3:24 | Queue | Villager (Male) |
| 3:35 | Build | House |
| 3:44 | Queue | Villager (Male) |
| 3:55 | Queue | Villager (Male) |
| 4:37 | Queue | Villager (Male) |
| 4:50 | Queue | Villager (Male) |
| 5:02 | Queue | Villager (Male) |
| 5:21 | Build | Barracks |
| 5:49 | Queue | Villager (Male) |
| 6:38 | Research | Feudal Age |
| 6:55 | Queue | Militia |
| 6:58 | Build | House |
| 6:59 | Build | House |
| 7:21 | Queue | Militia |
| 7:24 | Build | Mining Camp |
| 7:52 | Queue | Militia |
| 8:00 | Build | House |
| 8:35 | Queue | Villager (Male) |
| 8:38 | Build | Mill |
| 8:48 | Age | Feudal Age |
| 9:17 | Queue | Villager (Male) |
| 9:28 | Build | Lumber Camp |
| 9:46 | Build | Archery Range |
| 9:49 | Build | Palisade Wall |
| 9:50 | Build | Palisade Wall |
| 9:57 | Build | Palisade Wall |
| 9:58 | Build | Palisade Wall |
| 10:17 | Queue | Villager (Male) |
| 10:28 | Queue | Villager (Male) |
| 10:35 | Build | Palisade Wall |
| 10:36 | Build | Palisade Wall |
| 10:44 | Queue | Archer |
| 10:46 | Queue | Archer |
| 10:49 | Build | Palisade Wall |
| 10:56 | Build | Blacksmith |
| 10:59 | Queue | Villager (Male) |
| 11:01 | Build | House |
| 11:02 | Build | Palisade Wall |
| 11:21 | Build | House |
| 11:24 | Build | Palisade Wall |
| 11:32 | Build | Watch Tower |
| 11:33 | Queue | Villager (Male) |
| 12:02 | Queue | Villager (Male) |
| 12:20 | Build | House |
| 12:28 | Build | Farm |
| 12:30 | Build | Farm |
| 12:30 | Build | Farm |
| 12:30 | Build | Farm |
| 12:33 | Queue | Archer |
| 12:37 | Build | Farm |
| 12:47 | Queue | Villager (Male) |
| 12:49 | Build | Farm |
| 13:08 | Build | Watch Tower |
| 13:15 | Build | Farm |
| 13:16 | Build | Farm |
| 13:16 | Build | Farm |
| 13:36 | Queue | Archer |
| 13:37 | Queue | Villager (Male) |
| 13:46 | Queue | Archer |
| 13:59 | Queue | Villager (Male) |
| 14:07 | Build | Farm |
| 14:07 | Build | Farm |
| 14:17 | Queue | Archer |
| 14:24 | Queue | Villager (Male) |
| 14:42 | Build | Mining Camp |
| 14:43 | Queue | Villager (Male) |
| 14:53 | Queue | Villager (Male) |
| 14:53 | Queue | Villager (Male) |
| 15:10 | Build | Farm |
| 15:12 | Research | Fletching |
| 15:19 | Queue | Archer |
| 15:50 | Queue | Villager (Male) |
| 15:55 | Queue | Villager (Male) |
| 15:59 | Queue | Archer |
| 16:01 | Queue | Archer |
| 16:16 | Build | Market |
| 16:20 | Queue | Villager (Male) |
| 16:22 | Queue | Archer |
| 16:56 | Queue | Villager (Male) |
| 17:00 | Build | Mining Camp |
| 17:08 | Queue | Villager (Male) |
| 17:10 | Queue | Archer |
| 17:18 | Build | Farm |
| 17:20 | Build | Farm |
| 17:23 | Research | Double-Bit Axe |
| 17:36 | Build | House |
| 17:39 | Build | House |
| 17:45 | Queue | Villager (Male) |
| 17:51 | Queue | Archer |
| 17:59 | Build | Farm |
| 18:03 | Build | Palisade Wall |
| 18:10 | Queue | Villager (Male) |
| 18:16 | Build | Palisade Wall |
| 18:20 | Queue | Villager (Male) |
| 18:23 | Queue | Villager (Male) |
| 18:26 | Build | Farm |
| 18:37 | Queue | Villager (Male) |
| 18:40 | Queue | Villager (Male) |
| 19:01 | Queue | Villager (Male) |
| 19:05 | Queue | Villager (Male) |
| 19:07 | Build | Farm |
| 19:31 | Queue | Villager (Male) |
| 20:17 | Research | Castle Age |
| 20:35 | Build | Palisade Wall |
| 20:52 | Build | Lumber Camp |
| 20:53 | Queue | Archer |
| 21:03 | Research | Wheelbarrow |
| 21:29 | Research | Gold Mining |
| 21:30 | Research | Stone Mining |
| 21:33 | Queue | Villager (Male) |
| 21:36 | Build | House |
| 21:38 | Build | House |
| 21:42 | Build | Watch Tower |
| 21:59 | Build | Palisade Wall |
| 22:03 | Build | Palisade Wall |
| 22:22 | Queue | Villager (Male) |
| 22:49 | Build | Mining Camp |
| 22:57 | Age | Castle Age |
| 23:01 | Research | Bow Saw |
| 23:03 | Research | Crossbowman (upgrade) |
| 23:07 | Build | Farm |
| 23:14 | Queue | Villager (Male) |
| 23:38 | Queue | Archer |
| 23:44 | Queue | Archer |
| 23:53 | Queue | Villager (Male) |
| 23:55 | Queue | Villager (Male) |
| 24:04 | Queue | Villager (Male) |
| 24:16 | Build | Castle |
| 24:29 | Queue | Villager (Male) |
| 24:33 | Queue | Villager (Male) |
| 24:48 | Queue | Villager (Male) |
| 24:53 | Queue | Archer |
| 25:09 | Build | Lumber Camp |
| 25:16 | Queue | Villager (Male) |
| 25:36 | Queue | Villager (Male) |
| 25:54 | Build | Siege Workshop |
| 26:01 | Queue | Villager (Male) |
| 26:04 | Research | Bodkin Arrow |
| 26:16 | Queue | Villager (Male) |
Build order — Leo Javier
First 150 of 200 actions detected
| 0:01 | Queue | Villager (Male) |
| 0:01 | Queue | Villager (Male) |
| 0:02 | Queue | Villager (Male) |
| 0:02 | Queue | Villager (Male) |
| 0:02 | Queue | Villager (Male) |
| 0:03 | Build | House |
| 0:05 | Build | House |
| 1:20 | Queue | Villager (Male) |
| 1:20 | Queue | Villager (Male) |
| 1:58 | Build | Lumber Camp |
| 2:07 | Queue | Villager (Male) |
| 2:07 | Queue | Villager (Male) |
| 2:07 | Queue | Villager (Male) |
| 2:49 | Queue | Villager (Male) |
| 2:50 | Queue | Villager (Male) |
| 2:50 | Queue | Villager (Male) |
| 3:18 | Queue | Villager (Male) |
| 3:18 | Queue | Villager (Male) |
| 3:18 | Queue | Villager (Male) |
| 3:32 | Build | House |
| 4:07 | Queue | Villager (Male) |
| 4:08 | Queue | Villager (Male) |
| 4:08 | Queue | Villager (Male) |
| 4:55 | Queue | Villager (Male) |
| 4:55 | Queue | Villager (Male) |
| 4:56 | Queue | Villager (Male) |
| 5:25 | Queue | Villager (Male) |
| 5:25 | Queue | Villager (Male) |
| 5:32 | Build | Mill |
| 6:03 | Research | Loom |
| 6:47 | Research | Feudal Age |
| 6:47 | Research | Feudal Age |
| 6:58 | Build | House |
| 7:10 | Build | Mining Camp |
| 8:21 | Build | Donjon |
| 8:46 | Build | House |
| 8:51 | Build | Palisade Wall |
| 8:52 | Build | Palisade Wall |
| 8:57 | Age | Feudal Age |
| 8:57 | Build | House |
| 9:00 | Build | House |
| 9:02 | Build | Palisade Wall |
| 9:14 | Queue | Serjeant |
| 9:15 | Queue | Serjeant |
| 9:15 | Queue | Serjeant |
| 9:21 | Queue | Villager (Male) |
| 9:21 | Queue | Villager (Male) |
| 9:47 | Build | Mining Camp |
| 9:58 | Queue | Serjeant |
| 10:01 | Queue | Villager (Male) |
| 10:51 | Queue | Villager (Male) |
| 10:54 | Queue | Villager (Male) |
| 11:13 | Queue | Villager (Male) |
| 11:21 | Build | Donjon |
| 11:26 | Build | Archery Range |
| 11:47 | Queue | Villager (Male) |
| 11:51 | Build | House |
| 11:55 | Queue | Skirmisher |
| 11:55 | Queue | Skirmisher |
| 12:15 | Queue | Villager (Male) |
| 12:25 | Build | Palisade Wall |
| 12:32 | Queue | Skirmisher |
| 12:44 | Queue | Skirmisher |
| 12:58 | Build | Donjon |
| 13:01 | Queue | Skirmisher |
| 13:16 | Queue | Villager (Male) |
| 13:24 | Build | Blacksmith |
| 13:34 | Build | Donjon |
| 13:53 | Queue | Villager (Male) |
| 13:57 | Queue | Villager (Male) |
| 14:18 | Queue | Villager (Male) |
| 14:22 | Build | Palisade Wall |
| 14:39 | Build | Lumber Camp |
| 14:40 | Queue | Villager (Male) |
| 14:47 | Research | Fletching |
| 14:48 | Research | Fletching |
| 14:53 | Build | Donjon |
| 15:05 | Build | Palisade Wall |
| 15:17 | Queue | Archer |
| 15:24 | Queue | Villager (Male) |
| 15:28 | Build | House |
| 15:44 | Build | Farm |
| 16:00 | Build | Farm |
| 16:03 | Build | House |
| 16:05 | Build | House |
| 16:20 | Queue | Villager (Male) |
| 16:21 | Queue | Villager (Male) |
| 16:32 | Queue | Archer |
| 16:44 | Build | House |
| 16:45 | Build | House |
| 16:47 | Build | House |
| 17:00 | Queue | Villager (Male) |
| 17:02 | Queue | Villager (Male) |
| 17:02 | Queue | Villager (Male) |
| 17:02 | Queue | Villager (Male) |
| 17:10 | Build | Palisade Wall |
| 17:17 | Build | Farm |
| 17:21 | Build | Farm |
| 17:36 | Build | Farm |
| 17:43 | Build | Palisade Wall |
| 17:47 | Queue | Archer |
| 17:56 | Build | Farm |
| 18:00 | Build | Farm |
| 18:06 | Build | Farm |
| 18:13 | Queue | Serjeant |
| 18:13 | Queue | Serjeant |
| 18:21 | Build | House |
| 18:24 | Build | Farm |
| 18:24 | Build | Farm |
| 18:24 | Build | Farm |
| 18:32 | Build | Farm |
| 18:41 | Queue | Archer |
| 18:55 | Build | House |
| 18:57 | Build | House |
| 19:36 | Queue | Villager (Male) |
| 19:38 | Build | Farm |
| 19:38 | Build | Farm |
| 19:38 | Build | Farm |
| 19:38 | Build | Farm |
| 20:05 | Build | Farm |
| 20:05 | Build | Farm |
| 20:06 | Build | Farm |
| 20:12 | Build | House |
| 20:32 | Build | Donjon |
| 20:41 | Queue | Villager (Male) |
| 20:45 | Queue | Villager (Male) |
| 20:48 | Build | Farm |
| 20:48 | Build | Farm |
| 20:49 | Build | Farm |
| 21:05 | Queue | Archer |
| 21:14 | Queue | Villager (Male) |
| 21:17 | Build | Farm |
| 21:31 | Queue | Skirmisher |
| 21:37 | Build | Donjon |
| 21:57 | Queue | Villager (Male) |
| 22:26 | Build | Market |
| 22:28 | Queue | Villager (Male) |
| 22:39 | Build | House |
| 22:46 | Queue | Villager (Male) |
| 22:53 | Build | Donjon |
| 22:56 | Queue | Villager (Male) |
| 23:12 | Build | House |
| 23:51 | Build | House |
| 24:33 | Build | Lumber Camp |
| 24:36 | Research | Castle Age |
| 24:36 | Research | Castle Age |
| 24:48 | Build | Archery Range |
| 25:07 | Build | Donjon |
| 25:35 | Build | Donjon |
| 25:43 | Research | Double-Bit Axe |
Match timeline
| 5:21 | Charlie Mx · first_building Barracks |
| 8:21 | Leo Javier · first_building Donjon |
| 8:48 | Charlie Mx · age_up feudal |
| 8:51 | Leo Javier · wall_segment Palisade Wall x1 |
| 8:52 | Leo Javier · wall_segment Palisade Wall x1 |
| 8:57 | Leo Javier · age_up feudal |
| 9:02 | Leo Javier · wall_segment Palisade Wall x1 |
| 9:46 | Charlie Mx · first_building Archery Range |
| 9:49 | Charlie Mx · wall_segment Palisade Wall x1 |
| 9:50 | Charlie Mx · wall_segment Palisade Wall x1 |
| 9:57 | Charlie Mx · wall_segment Palisade Wall x1 |
| 9:58 | Charlie Mx · wall_segment Palisade Wall x1 |
| 10:35 | Charlie Mx · wall_segment Palisade Wall x1 |
| 10:36 | Charlie Mx · wall_segment Palisade Wall x1 |
| 10:49 | Charlie Mx · wall_segment Palisade Wall x1 |
| 11:02 | Charlie Mx · wall_segment Palisade Wall x1 |
| 11:24 | Charlie Mx · wall_segment Palisade Wall x1 |
| 11:26 | Leo Javier · first_building Archery Range |
| 12:25 | Leo Javier · wall_segment Palisade Wall x18 |
| 14:22 | Leo Javier · wall_segment Palisade Wall x1 |
| 15:05 | Leo Javier · wall_segment Palisade Wall x1 |
| 17:10 | Leo Javier · wall_segment Palisade Wall x6 |
| 17:43 | Leo Javier · wall_segment Palisade Wall x5 |
| 18:03 | Charlie Mx · wall_segment Palisade Wall x11 |
| 18:12 | Charlie Mx · first_market_buy 100 food |
| 18:16 | Charlie Mx · wall_segment Palisade Wall x6 |
| 20:06 | Charlie Mx · first_market_sell 100 wood |
| 20:35 | Charlie Mx · wall_segment Palisade Wall x11 |
| 21:59 | Charlie Mx · wall_segment Palisade Wall x1 |
| 22:03 | Charlie Mx · wall_segment Palisade Wall x1 |
| 22:57 | Charlie Mx · age_up castle |
| 24:16 | Charlie Mx · first_building Castle |
| 25:54 | Charlie Mx · first_building Siege Workshop |
| 27:16 | Leo Javier · age_up castle |
| 27:22 | Leo Javier · first_building Siege Workshop |
| 28:01 | Charlie Mx · first_building Monastery |
| 29:30 | Charlie Mx · first_building Stable |
| 33:24 | Charlie Mx · resign |
[ AI ANALYSIS · 1 CREDIT ]
What really happened in this match?
Wolo.gg analyzes every decision: build order, eco, micro, common mistakes by bracket. Personalized analysis on WhatsApp or Discord in 30 seconds.
Civ guide
Chinese
Perfil
Jugador #3926669